 Dungeon Crawl Stone Soup version 0.31.0-11-ge490571c62 (webtiles) character file.

Game seed: 10194279702434161440

82 qw the Shooter (level 4, -9/22 HPs)
             Began as a Spriggan Hunter on Feb 4, 2024.
             Mangled by a wight
             ... wielding a +3 mace of freezing
              (10 damage)
             ... on level 3 of the Dungeon.
             The game lasted 00:00:05 (1322 turns).

qw the Shooter (Spriggan Hunter)                    Turns: 1322, Time: 00:00:05

Health: -9/22      AC:  2    Str:  6 (7)  XL:     4   Next: 21%
Magic:  5/5        EV: 19    Int:  9 (10) God:
Gold:   85         SH:  0    Dex: 19 (20) Spells: 3/3 levels left

rFire   . . .        a - +0 shortbow
rCold   . . .        (shield currently unavailable)
rNeg    . . .        c - +0 robe
rPois   +            (helmet restricted)
rElec   .            (no cloak)
rCorr   .            (gloves unavailable)
SInv    +            (boots unavailable)
Will    .....        (no amulet)
Stlth   ++           d - ring of poison resistance
HPRegen 0.23/turn    (no ring)
MPRegen 0.09/turn

%: no passive effects
@: very quick
A: very small, no large weapons, unfitting armour, see invisible, speed 3
a: no special abilities


You were on level 3 of the Dungeon.
You visited 1 branch of the dungeon, and saw 3 of its levels.

You collected 85 gold pieces.


Innate Abilities, Weirdness & Mutations

You are very small and have problems with some larger weapons.
You are too small for most types of armour.
You have supernaturally acute eyesight. (SInv)
You cover ground extremely quickly. (Speed+++)


   Skills:
 - Level 1.5 Fighting
 - Level 5.0 Ranged Weapons
 + Level 4.6 Dodging
 - Level 1.5 Stealth


You had 3 spell levels left.
You didn't know any spells.
Your spell library was empty.

Inventory:

Hand Weapons
 a - a +0 shortbow (weapon)
Armour
 c - a +0 robe (worn)
Jewellery
 d - a ring of poison resistance (left hand)
Wands
 f - a wand of mindburst (8)
Scrolls
 g - a scroll of identify {unknown}
Potions
 b - a potion of ambrosia {unknown}
 e - 2 potions of curing {unknown}

Dungeon Overview and Level Annotations

Branches:
Dungeon (3/15)

Altars:
Nemelex Xobeh


Message History

You shoot an arrow. The arrow hits the ball python.
You kill the ball python!
You start resting.
HP restored.
You see here a ball python corpse.
Found a robe and a scroll of poison.
Found 2 stones.
Found a stone staircase leading down.
An endoplasm comes into view.
Found a scroll labelled TESEUTR FATROSCH.
You shoot an arrow. The arrow hits the endoplasm.
The endoplasm quivers.
The endoplasm is severely wounded.
You shoot an arrow. The arrow hits the endoplasm!
You kill the endoplasm!
A wight comes into view.
It is wielding a +3 mace of freezing and wearing a +0 robe of cold resistance.
You see here a scroll labelled TESEUTR FATROSCH.
You shoot an arrow. The arrow hits the wight.
The wight is moderately damaged.
A wight comes into view. It is wielding a +0 short sword.
You shoot an arrow. The arrow barely misses the wight.
You shoot an arrow. The arrow closely misses the wight.
You shoot an arrow. The arrow hits the wight.
The wight is heavily damaged.
You shoot an arrow.
The arrow hits the wight but does no damage.
The wight is heavily damaged.
You shoot an arrow. The arrow hits the wight.
The wight is severely damaged.
The wight hits you with a +0 short sword.
The wight hits you with a +3 mace of freezing!
Ouch! That really hurt!
The wight freezes you.
You shoot an arrow. The arrow closely misses the wight.
The wight hits you but does no damage. The wight barely misses you.
You shoot an arrow.
The arrow hits the wight but does no damage.
The wight is severely damaged.
The wight closely misses you.
The wight hits you with a +3 mace of freezing!
You die...

#...#####........
#...
#....#........##....
#.##.......#.....#..
#.....#.##.?........
####.##.###.........
#.##.............
##.###..##.....[..
#..# #..##.....(.#
#@.# #.###.......#
#zz# #.# ###.#####
#...##.# #.#####
#.#.##.#####.#....
#.#.##........%###
..#............#
.#...#.........# . .
##........##
#........#


You could see 2 wights.

Vanquished Creatures
  2 gnolls (D:2)
  A ribbon worm (D:2)
  2 dart slugs
  5 bats
  4 endoplasms
  A giant cockroach (D:2)
  3 goblins
  6 hobgoblins
  2 jackals (D:1)
  3 quokkas (D:2)
  5 ball pythons
  3 frilled lizards
  5 kobolds
  10 rats
52 creatures vanquished.

Notes
Turn   | Place    | Note
-------+----------+-------------------------------------------
     0 | D:1      | qw the Spriggan Hunter began the quest for the Orb.
     0 | D:1      | Reached XP level 1. HP: 10/10 MP: 2/2
     0 | D:1      | 0 ||| qw: Version: 0.3-a-160-g6735b56
     0 | D:1      | 0 ||| qw: Game counter: 4996
     0 | D:1      | 0 ||| qw: Melee chars always use a shield: true
     0 | D:1      | 0 ||| qw: God list: Okawaru
     0 | D:1      | 0 ||| qw: Allow faded altars: false
     0 | D:1      | 0 ||| qw: Do Orc after clearing Dungeon:15 true
     0 | D:1      | 0 ||| qw: Do second Lair branch before Depths: true
     0 | D:1      | 0 ||| qw: Lair rune preference: random
     0 | D:1      | 0 ||| qw: Goals: Normal
     0 | D:1      | 0 ||| PLANNING D:1-11
    38 | D:1      | Reached skill level 3 in Dodging
   120 | D:1      | Reached XP level 2. HP: 14/14 MP: 3/3
   362 | D:1      | 362 ||| UPGRADING to ring of poison resistance.
   363 | D:1      | 363 ||| READING scroll labelled CUELUTW OMOTHO.
   364 | D:1      | 364 ||| READING scroll labelled PEGYZX MUPE.
   365 | D:1      | 365 ||| READING scroll labelled GESIJUWN REATS.
   366 | D:1      | 366 ||| READING scroll labelled LONGA DEFFUFA.
   370 | D:1      | 370 ||| DROPPING scroll of butterflies.
   486 | D:2      | Found a sparkling altar of Nemelex Xobeh.
   594 | D:2      | Reached XP level 3. HP: 18/18 MP: 4/4
   848 | D:2      | Reached skill level 5 in Ranged Weapons
  1040 | D:2      | Reached XP level 4. HP: 22/22 MP: 5/5
  1115 | D:2      | 1115 ||| READING scroll labelled SURUWU VEEMMODOU.
  1116 | D:2      | 1116 ||| DRINKING 3 orange potions.
  1117 | D:2      | 1117 ||| DROPPING 2 potions of degeneration.
  1320 | D:3      | HP: 4/22 [wight/+3 mace of freezing (13)]
  1320 | D:3      | HP: 1/22 [wight/+3 mace of freezing (3)]
  1322 | D:3      | Mangled by a wight

Levels and vault maps discovered:
D:1:      shiori_shiawase, layout_rooms, dreamdust_mushroom_princess
D:2:      cheibrodos_old_hovel, layout_loops_ring, basic_altar,
          serial_park_tiny_2, grunt_decor_resistance, serial_bayou_ford_a,
          minmay_misc_feat_hallway
D:3:      layout_rooms, marbit_many_paths, mainiacjoe_overflow_brackets

Skill      XL: |  1  2  3 |
---------------+----------+-----
Dodging        | 3 4 |  4.6
Ranged Weapons | 5 |  5.0
Fighting       | |  1.5
Stealth        | |  1.5

Action                     |  1- 3 |  4- 6 || total
---------------------------+-------+-------++-------
   Fire: Shortbow          |    90 |    31 ||   121
    Use: Scroll            |     4 |     1 ||     5
         Potion            |       |     1 ||     1
 Armour: Robe              |     3 |     4 ||     7
  Dodge: Dodged            |     7 |    11 ||    18

Table legend:
 A = Non-vault XP
 B = Vault XP
 C = Vault XP percentage of total XP
 D = Non-vault monster count
 E = Vault monster count
 F = Vault count percentage of total count
                 A         B        C        D         E       F
            +---------+---------+-------+---------+---------+-------
      Total |     115 |       3 |   2.5 |      50 |       2 |   3.8
            +---------+---------+-------+---------+---------+-------
        D:1 |      36 |       0 |   0.0 |      22 |       0 |   0.0
        D:2 |      68 |       1 |   1.4 |      23 |       1 |   4.2
        D:3 |      11 |       2 |  15.4 |       5 |       1 |  16.7
            +---------+---------+-------+---------+---------+-------
